[Event "FIDE WSTC-50-65 2022"]
[Site "Acqui Terme"]
[Date "2022.06.21"]
[Round "2.10"]
[White "Vegh, Endre"]
[Black "Birnboim, Nathan"]
[Result "1-0"]
[ECO "D10"]
[WhiteElo "2225"]
[BlackElo "2383"]
[Annotator "TA"]
[PlyCount "129"]
[EventDate "2022.06.20"]
[EventType "team-tourn"]
[EventCountry "ITA"]
[SourceTitle "playchess.com"]
[Source "ChessBase"]
[SourceQuality "1"]
[TimeControl "40/5400+30:1800+30"]

1. d4 d5 2. c4 c6 3. cxd5 cxd5 4. Bg5 Nc6 5. Nc3 Qb6 (5... f6 $5 6. Bd2 e5 $11) 6. Qd2 {[%emt 0:01:30] D10: Slav Defence: 3 cxd5 (without early Nf3) and 3 Nc3.} e6 (6... f6 $5 7. Bh4 (7. Nxd5 $2 Qd8 $17) 7... Qxd4 8. Qxd4 Nxd4 $11) 7. e3 Bd7 8. Bd3 {[%emt 0:01:30] The position is equal.} Rc8 {[%emt 0:00:30] [#]} 9. Rc1 $146 ({Predecessor:} 9. Nf3 Bb4 10. Rc1 Na5 11. O-O f6 12. Bf4 Ne7 13. Qe2 g5 14. Bxg5 fxg5 15. Nxg5 {1-0 (22) Nothnagel,M (2317)-Niermann,T (2327) Willingen 2018}) 9... Na5 10. Nf3 Bd6 ({Better is} 10... f6 $11 11. Bf4 Nc4 12. Bxc4 Rxc4) 11. O-O $14 f5 $2 {[%emt 0:09:30] [#] Inhibits e4.} (11... f6 $14) 12. Na4 $1 $18 Qb4 {[%emt 0:01:30] Threatens to win with ...Rxc1.} 13. Qxb4 Bxb4 14. Rxc8+ Bxc8 {[%emt 0:00:00] [#]} 15. Bb5+ Nc6 16. Bxc6+ bxc6 17. Rc1 h6 18. Bh4 (18. Rxc6 Bd7 19. Ra6 hxg5 $11) 18... g5 19. Bg3 (19. Rxc6 Ne7 20. Rc7 gxh4 $15) 19... Ne7 20. Bb8 {[%emt 0:03:00] Against f4} Ng6 21. Bxa7 ({Don't take} 21. a3 Be7 22. Ne5 (22. Bxa7 g4 $16) 22... Nxe5) 21... g4 22. Ne5 ({Weaker is} 22. Rxc6 Ne7 23. Rb6 gxf3 $11) 22... Nxe5 23. dxe5 Bd7 24. Bc5 Bd2 25. Rc2 Ba5 26. Bd6 Bd8 (26... Rh7 $142 27. b4 Bd8) 27. Nc5 {[%emt 0:00:30] Hoping for Rc3.} Bc8 28. Rc3 Bb6 29. Na4 Bd8 30. Rxc6 Bd7 31. Ra6 Bxa4 32. Rxa4 {[%emt 0:00:30][%mdl 4096] Endgame KRB-KRB} Rh7 33. Ra8 Rb7 34. g3 Kd7 35. b3 Bc7 36. Ra6 Bxd6 37. Rxd6+ {[%emt 0:00:19] KR-KR} ({Not} 37. exd6 h5 38. Kg2 Rb8 $16) 37... Ke7 38. Rc6 Kd7 39. Rc2 Rb4 40. Kf1 Re4 41. Rd2 Rxe5 42. Rd4 Re4 43. Ke2 Kc6 44. Rd2 Rb4 45. Kd3 Rb8 46. Kc3 h5 (46... Rc8 $142 47. Kb2 Kd6) 47. b4 h4 48. Kb3 h3 $2 (48... hxg3 49. hxg3 Rh8) 49. a4 e5 50. Rc2+ Kd6 51. b5 d4 52. exd4 exd4 53. Kb4 Kd5 54. a5 d3 55. Rd2 Kd4 56. a6 {[%emt 0:00:33] Strongly threatening a7.} Ra8 57. Rd1 Ke4 58. Ka5 {[%emt 0:00:45] White mates.} Kf3 59. Rxd3+ Kg2 60. b6 Kxh2 61. b7 Rb8 62. Kb6 Kg2 63. a7 h2 64. axb8=Q h1=Q 65. Qd6 {[%emt 0:00:28] White took control after the opening.  Weighted Error Value: White=0.16 (very precise) /Black=0.41} 1-0

[Event "FIDE WSTC-50-65 2022"]
[Site "Acqui Terme"]
[Date "2022.06.21"]
[Round "2.11"]
[White "Berkovich, Mark A"]
[Black "Glatt, Gabor"]
[Result "1/2-1/2"]
[ECO "B07"]
[WhiteElo "2337"]
[BlackElo "2243"]
[Annotator "TA"]
[PlyCount "32"]
[EventDate "2022.06.20"]
[EventType "team-tourn"]
[EventCountry "ITA"]
[SourceTitle "playchess.com"]
[Source "ChessBase"]
[SourceQuality "1"]
[TimeControl "40/5400+30:1800+30"]

1. Nf3 Nf6 2. g3 g6 3. Bg2 Bg7 4. O-O O-O 5. d4 d6 6. Nc3 Nbd7 7. e4 {[%emt 0:00:00][%cal Be2e4,Be4e5][%mdl 32] 7.a4 is more fashionable.} c5 {[%emt 0:00:30] B07: Pirc Defence: Miscellaneous Systems.} 8. e5 Ne8 {[%emt 0:02:30] [#]} 9. Bg5 $146 ({Predecessor:} 9. exd6 Nxd6 10. Re1 Nf5 11. d5 a6 12. a4 b6 13. g4 Nd6 14. Bg5 Re8 15. Qe2 {½-½ (72) Teterev,V (2506)-Schachinger,M (2402) Rhodes 2013}) 9... h6 {[%emt 0:17:30] ...cxd4 is the strong threat. White is slightly better.} 10. Be3 ({Reject} 10. Bf4 cxd4 11. Qxd4 g5 $11) 10... cxd4 11. Bxd4 dxe5 {[%emt 0:02:30] [#]} 12. Bxe5 {[%emt 0:00:30][%mdl 64] Pin} Nef6 (12... Nd6 13. Bxg7) 13. Bf4 Qa5 ({Black should play} 13... g5 $11 14. Be3 Ng4) 14. Qd2 {[%emt 0:04:30] White is more active.} (14. Re1 $14) 14... g5 $11 {[%emt 0:05:30] The position is equal.} 15. Be3 Nb6 $1 16. Ne4 Qxd2 {[%emt 0:03:30] Weighted Error Value: White=0.11 (very precise) /Black=0.13 (very precise)} 1/2-1/2

[Event "FIDE WSTC-50-65 2022"]
[Site "Acqui Terme"]
[Date "2022.06.21"]
[Round "2.12"]
[White "Szabolcsi, Janos"]
[Black "Maryasin, Boris"]
[Result "1-0"]
[ECO "D24"]
[WhiteElo "2233"]
[BlackElo "2280"]
[Annotator "TA"]
[PlyCount "65"]
[EventDate "2022.06.20"]
[EventType "team-tourn"]
[EventCountry "ITA"]
[SourceTitle "playchess.com"]
[Source "ChessBase"]
[SourceQuality "1"]
[TimeControl "40/5400+30:1800+30"]

1. d4 Nf6 2. Nf3 d5 3. c4 dxc4 4. Nc3 Bf5 5. e3 a6 6. Bxc4 {[%emt 0:00:30] D24: Queen's Gambit Accepted: 3 Nf3 Nf6 4 Nc3.} e6 7. O-O c5 (7... Nc6 $14) 8. Qe2 ({White should try} 8. d5 $1 $16) 8... Nc6 (8... b5 $11 9. Bd3 Bxd3 10. Qxd3 Nc6) 9. Rd1 $14 {[%emt 0:03:30] d5 is the strong threat.} Qc7 {[%emt 0:01:30] [#]} 10. h3 $146 ({Predecessor:} 10. d5 exd5 11. Nxd5 Nxd5 12. e4 Nc3 13. bxc3 Bg4 14. e5 Nd8 15. Qe4 Be6 16. Bf4 {½-½ (33) Gurr,L (2048)-Sharp,P (2144) Birmingham 2000}) 10... b5 (10... cxd4 $14 11. exd4 Bb4) 11. Bb3 (11. e4 $16 Bg6 12. d5) 11... c4 12. e4 $1 Nxe4 (12... Bg6 $1 $14 13. Bc2 Be7) 13. Nxe4 $16 cxb3 {[%emt 0:00:00] [#]} 14. axb3 (14. d5 $1 $16 {[%cal Rd5d6] And now d6 would win.} O-O-O 15. dxc6 Rxd1+ 16. Qxd1 Bxe4 {[#]} 17. Bf4 $1 Bxf3 18. Qxf3) 14... Be7 $11 15. d5 $36 {[%emt 0:12:30][%mdl 2048] Black must now prevent d6. White is pushing.} exd5 16. Nc3 {[%emt 0:00:30][%cal Be4c3,Bc3d5,Bd5e7][%mdl 32] Pair of Knights!} O-O (16... Be6 $1 $14) 17. Nxd5 $16 Qb7 {[%emt 0:00:30] Loses the game.} (17... Qd6 $16 {is a better defense.}) 18. Nd4 $18 Nxd4 19. Nxe7+ Kh8 20. Rxd4 Rae8 21. Qe5 ({Weaker is} 21. Bg5 f6 $14) 21... Bxh3 (21... Bc8 $142) 22. gxh3 {[%emt 0:02:30] Hoping for Re4.} Rxe7 23. Qd5 Re1+ 24. Kg2 $1 Qxd5+ 25. Rxd5 h6 26. Rc5 {[%emt 0:00:30] Prevents Rc8.} Ra8 27. b4 Rd8 (27... Rd1 $142 28. Ra3 Rd4) 28. Rxa6 {[%emt 0:02:30] White is clearly winning.} Rd4 29. Be3 Rdd1 30. Rxb5 Rg1+ 31. Kf3 Rh1 32. Rh5 Rd3 33. Ra3 {Weighted Error Value: White=0.21 (precise) /Black=0.50} 1-0

[Event "FIDE WSTC-50-65 2022"]
[Site "Acqui Terme"]
[Date "2022.06.21"]
[Round "2.14"]
[White "Littlewood, Paul E"]
[Black "Simon, Ralf-Axel"]
[Result "1-0"]
[ECO "B95"]
[WhiteElo "2347"]
[BlackElo "2143"]
[Annotator "TA"]
[PlyCount "41"]
[EventDate "2022.06.20"]
[EventType "team-tourn"]
[EventCountry "ITA"]
[SourceTitle "playchess.com"]
[Source "ChessBase"]
[SourceQuality "1"]
[TimeControl "40/5400+30:1800+30"]

1. e4 c5 2. Nf3 d6 3. d4 cxd4 4. Nxd4 Nf6 5. Nc3 a6 6. Bg5 e6 7. Qf3 Be7 8. O-O-O Qc7 9. Qg3 O-O {[%emt 0:23:30] B95: Sicilian Najdorf: 6 Bg5 e6, unusual White 7th moves.} 10. f4 (10. Bh6 {seems wilder.} Ne8 11. h4 b5 12. a3) 10... Kh8 (10... Nbd7 $11) 11. Bd3 $16 Ng8 {[%emt 0:15:30] White is better.} 12. e5 {[%emt 0:16:30][%cal Od3h7] [#] Black must now prevent Bxh7!} Bxg5 $2 (12... h6 $16 {was called for.}) 13. Qxg5 $2 (13. fxg5 $18 {[%cal Od3h7] And now Bxh7! would win.} dxe5 14. Rhe1) 13... dxe5 14. fxe5 Nd7 {[%emt 0:01:55] [#]} 15. Nf3 $146 {[%emt 0:05:30][%mdl 128] White attacks.} ({Predecessor:} 15. Rhe1 Nc5 16. Ne4 Nxe4 17. Rxe4 f6 18. Rh4 Nh6 19. exf6 Rxf6 20. Nf3 Bd7 21. Qe5 Qxe5 22. Nxe5 {1-0 (42) Zielinski,S-Bekemann,U DESC email 2005}) 15... Nc5 16. Ne4 Nxd3+ 17. Rxd3 Bd7 18. Nd6 Bc6 19. Nd4 {[%emt 0:02:30] Pair of Knights!} (19. Kb1 $14 {is more appropriate.}) 19... Qe7 (19... Bd5 $1 $11) 20. Qg3 {[%emt 0:02:30] 0x0.00222972abe1dp-1022s more active pieces.} Rad8 $2 {[%emt 0:00:41][%mdl 8192] [#]} (20... Nh6 $16) 21. N4f5 $1 {[%emt 0:01:30][%mdl 512] Weighted Error Value: White=0.36/Black=0.36} 1-0

[Event "FIDE WSTC-50-65 2022"]
[Site "Acqui Terme"]
[Date "2022.06.21"]
[Round "2.15"]
[White "Bachmann, Andreas"]
[Black "Povah, Nigel E"]
[Result "0-1"]
[ECO "E01"]
[WhiteElo "2192"]
[BlackElo "2201"]
[Annotator "NA RC"]
[PlyCount "68"]
[EventDate "2022.06.20"]
[EventType "team-tourn"]
[EventCountry "ITA"]
[SourceTitle "playchess.com"]
[Source "ChessBase"]
[SourceQuality "1"]
[TimeControl "40/5400+30:1800+30"]

1. d4 Nf6 2. c4 e6 3. g3 c5 4. Nf3 cxd4 5. Nxd4 d5 6. Bg2 e5 7. Nf3 d4 8. O-O Nc6 9. e3 Be7 10. exd4 exd4 11. Bf4 Be6 12. Ne5 Rc8 13. Nd2 Nxe5 14. Bxe5 Ng4 15. Qe2 Nxe5 16. Qxe5 O-O 17. Bxb7 Rb8 18. Bd5 Bf6 19. Qe4 Bxd5 20. Qxd5 Qxd5 21. cxd5 Rxb2 22. Ne4 Rd8 23. d6 Be5 24. Rfd1 f5 25. Nc5 Rxd6 26. Nd3 Rb5 27. Rac1 Bf6 28. Rc7 Ra5 29. Rd2 h6 30. Kf1 Rda6 31. Rcc2 Kf7 32. f4 g5 33. Ne5+ Bxe5 34. fxe5 Ra4 0-1

[Event "FIDE WSTC-50-65 2022"]
[Site "Acqui Terme"]
[Date "2022.06.21"]
[Round "2.16"]
[White "Snape, Ian L"]
[Black "Sprotte, Norbert"]
[Result "1/2-1/2"]
[ECO "C18"]
[WhiteElo "2112"]
[BlackElo "2155"]
[Annotator "NA RC"]
[PlyCount "47"]
[EventDate "2022.06.20"]
[EventType "team-tourn"]
[EventCountry "ITA"]
[SourceTitle "playchess.com"]
[Source "ChessBase"]
[SourceQuality "1"]
[TimeControl "40/5400+30:1800+30"]

1. e4 e6 2. d4 d5 3. Nc3 Bb4 4. e5 c5 5. a3 Bxc3+ 6. bxc3 Qa5 7. Bd2 Qa4 8. Qg4 Kf8 9. h4 Nc6 10. h5 h6 11. Qd1 b6 12. Nf3 Ba6 13. Rh4 Bxf1 14. Kxf1 c4 15. Rf4 Nge7 16. Nh4 Rg8 17. Be3 Ke8 18. Ke1 Nd8 19. Kd2 Kd7 20. Qb1 Kc7 21. g4 a5 22. Rf3 Qe8 23. Ra2 Nc8 24. Rg3 1/2-1/2

[Event "FIDE WSTC-50-65 2022"]
[Site "Acqui Terme"]
[Date "2022.06.22"]
[Round "3.1"]
[White "Olafsson, Helgi"]
[Black "Adams, Michael"]
[Result "0-1"]
[ECO "E04"]
[WhiteElo "2511"]
[BlackElo "2698"]
[Annotator "TA"]
[PlyCount "104"]
[EventDate "2022.06.20"]
[EventType "team-tourn"]
[EventCountry "ITA"]
[SourceTitle "playchess.com"]
[Source "ChessBase"]
[SourceQuality "1"]
[TimeControl "40/5400+30:1800+30"]

1. d4 Nf6 2. c4 e6 3. g3 d5 4. Nf3 dxc4 5. Bg2 a6 6. O-O Nc6 7. e3 Bd7 8. Qe2 {[%emt 0:01:30] E04: Open Catalan: 5 Nf3.} Bd6 $1 {[%emt 0:00:30][%mdl 4] is currently scoring better than 8...b5.} 9. Qxc4 O-O 10. Nc3 {[%emt 0:03:30] White has an edge.} b5 11. Qe2 e5 {[%emt 0:05:30] [#]} 12. Rd1 $146 ({Predecessor:} 12. a3 exd4 13. Nxd4 Nxd4 14. exd4 Rb8 15. Be3 a5 16. Qd2 b4 17. axb4 axb4 18. Na4 {½-½ (31) Beliavsky,A (2536)-Horvath,J (2520) Budapest 2018}) 12... exd4 13. Nxd4 Qe8 14. Nxc6 Bxc6 15. a3 Be5 16. Bd2 Bxg2 17. Kxg2 c5 18. Be1 Qe6 19. Rac1 h5 20. h3 Rad8 21. Qf3 c4 22. Rxd8 Rxd8 23. Rd1 Rb8 24. Qe2 a5 (24... Re8 $15) 25. e4 $1 $11 h4 26. g4 $1 Bxc3 27. Bxc3 b4 28. axb4 axb4 29. Bxf6 gxf6 {[%emt 0:01:04][%mdl 4096] Endgame KQR-KQR} 30. Rd5 c3 31. bxc3 bxc3 32. g5 $2 {[%emt 0:01:36] [#]} (32. Rh5 $11) 32... Rc8 $1 $19 33. Qc2 Kf8 34. gxf6 Qxf6 35. Rf5 Qe6 36. Rf3 Qe5 {[%emt 0:01:41] Black is more active.} 37. Re3 $2 (37. Rf5 $17 Qd6 38. Rd5 Qg6+ 39. Kh1) 37... Rc6 {[%emt 0:00:38] Strongly threatening ...Qg5+.} 38. Kh1 Qd4 {[%emt 0:01:27] aiming for ...Qd2.} 39. Kh2 Kg7 40. Rf3 $2 (40. Re1) 40... Rc5 (40... Qe5+ $142 41. Kh1 Qg5) 41. Re3 Kg8 $2 ({Inferior is} 41... Qd2 42. Qxd2 cxd2 43. Rd3 $11) ({Black should try} 41... Qe5+ $19 42. Kh1 Rc6) 42. e5 $1 $11 Kf8 43. Re4 (43. Qf5 $11) 43... Qd5 $1 $36 {[%emt 0:04:30][%mdl 2048] Black has the initiative.} 44. Re3 $1 Rc6 (44... Qc4 $17 45. Qd1 Qf4+ 46. Kh1 Kg7) 45. Re4 $2 (45. e6 $1 $11 {and White is okay.}) 45... Rg6 $19 {[%emt 0:01:46] White must now prevent ...Qc6.} 46. e6 $2 (46. Qa4 Qc6 47. e6 Qd6+ 48. Kh1 Rxe6 49. Rxe6 fxe6 50. Qa8+ Kg7 51. Qb7+ Kh6 52. Qc8) 46... Qd6+ {[%emt 0:11:05] Black is clearly winning.} 47. Kh1 Qc6 {[%emt 0:00:45] ( -> ...f5)} 48. exf7 {[%emt 0:07:22] [#]} Re6 $1 49. f3 Rxe4 50. fxe4 Kxf7 51. Kg2 Qc7 {[%emt 0:03:13] Threatens to win with ...Qg3+.} 52. Qf2+ Kg8 {[%emt 0:00:51] Weighted Error Value: White=0.67/Black=0.16 (very precise)} 0-1

[Event "FIDE WSTC-50-65 2022"]
[Site "Acqui Terme"]
[Date "2022.06.22"]
[Round "3.2"]
[White "Short, Nigel D"]
[Black "Hjartarson, Johann"]
[Result "1-0"]
[ECO "B06"]
[WhiteElo "2622"]
[BlackElo "2472"]
[Annotator "TA"]
[PlyCount "67"]
[EventDate "2022.06.20"]
[EventType "team-tourn"]
[EventCountry "ITA"]
[SourceTitle "playchess.com"]
[Source "ChessBase"]
[SourceQuality "1"]
[TimeControl "40/5400+30:1800+30"]

1. e4 g6 2. d4 Bg7 3. Nf3 d6 4. Bc4 Nf6 5. Qe2 O-O 6. e5 dxe5 {[%emt 0:00:00] B06: Modern Defence.} 7. dxe5 Nd5 8. h3 $1 {[%emt 0:00:00] Inhibits Bg4. The main line 8.h3 scores better than 8.0-0.} Be6 {[%emt 0:00:30] The position is equal.} 9. O-O Nd7 10. Re1 $5 {[%emt 0:02:30][%mdl 4] Leaves trodden paths.} c6 11. a4 Qc7 12. Bd2 a5 13. Na3 {[%emt 0:04:30] [#]} b6 $146 ({Black should try} 13... Rad8 $11) ({Predecessor:} 13... Nc5 14. b3 Rad8 15. Bxd5 Bxd5 16. Nc4 b6 17. Be3 Nd7 18. Bf4 Nc5 19. Be3 Nd7 20. Bf4 Nc5 21. Be3 Nd7 {½-½ (21) Gurevich,V (2469)-Lai,H (2461) Germany 2019}) 14. c3 $14 Rad8 15. Nc2 c5 {[%emt 0:02:30] Inhibits Ncd4.} 16. Na3 $1 Qc8 17. Qe4 Nc7 18. Bg5 Rfe8 19. Qh4 Bf8 {[%emt 0:01:30] [#]} (19... Bxc4 $16 {was necessary.} 20. Nxc4 Bf8) 20. Bh6 $2 ({White has to play} 20. Nb5 $1 $18) 20... Bxh6 21. Qxh6 Nf8 22. Qh4 Kg7 23. Ng5 Bxc4 24. Nxc4 h6 25. Nf3 {[%emt 0:01:30][%cal Bg5f3,Bf3e5,Be5f7][%mdl 32] White is much more active.} Nd5 26. Rad1 Qc6 27. e6 {[%emt 0:02:30] Strongly threatening exf7.} fxe6 (27... Nxe6 28. Nce5 Qa8 29. Nxg6) (27... f6 $16) 28. Nfe5 $18 ({Not} 28. Nce5 Qc7 29. g4 Nf4 30. Rxd8 Rxd8 $18) 28... Qxa4 {[%emt 0:02:05] [#]} 29. Nf7 $1 {[%emt 0:01:53] And now b3 would win.} g5 $2 (29... Qxc4 $18 30. Qxc4 Kxf7) 30. Qxh6+ {[%emt 0:01:38] White mates.} Kxf7 31. Ne5+ Kg8 32. Qxg5+ Kh7 33. Qh5+ Kg7 34. Rd3 {[%emt 0:00:22] Weighted Error Value: White=0.13 (very precise) /Black=0.54} 1-0

[Event "FIDE WSTC-50-65 2022"]
[Site "Acqui Terme"]
[Date "2022.06.22"]
[Round "3.3"]
[White "Petursson, Margeir"]
[Black "Hebden, Mark L"]
[Result "1/2-1/2"]
[ECO "E74"]
[WhiteElo "2450"]
[BlackElo "2452"]
[Annotator "TA"]
[PlyCount "71"]
[EventDate "2022.06.20"]
[EventType "team-tourn"]
[EventCountry "ITA"]
[SourceTitle "playchess.com"]
[Source "ChessBase"]
[SourceQuality "1"]
[TimeControl "40/5400+30:1800+30"]

1. d4 Nf6 2. c4 g6 3. Nc3 Bg7 4. e4 d6 5. Be2 O-O 6. Bg5 c5 7. d5 h6 8. Be3 e6 9. dxe6 Bxe6 10. Qd2 Qa5 {[%emt 0:00:30] E74: King's Indian: Averbakh Variation: 6...c5.} 11. Bxh6 Bxh6 12. Qxh6 Nxe4 $1 {[%emt 0:00:30] The position is equal.} 13. Rc1 Nc6 14. h4 (14. Nf3 $5 ) 14... Nd4 {[%emt 0:03:30] [#]} 15. Bd3 $146 ({Predecessor:} 15. Kf1 Nxc3 16. Rxc3 Qa4 17. h5 Nxe2 18. b3 Qxa2 19. Nxe2 Qa1+ 20. Rc1 Qg7 21. Qd2 {½-½ (30) Garau,B (2362)-Alfaro de Hombre,J (2247) ICCF email 2017}) 15... Nxc3 16. bxc3 (16. Rxc3 $11 {keeps the balance.} Rfe8 17. h5 Bxc4+ 18. Kd1 Qa4+ 19. b3 Bxb3+ 20. axb3 Nxb3 21. Nf3 (21. hxg6 Qa1+ 22. Rc1 Qxc1+ 23. Qxc1 Nxc1 $15) 21... Qa1+ 22. Kc2 Qa2+ 23. Kd1) 16... Rfe8 {[%emt 0:02:30] [#] ...Bxc4+ is the strong threat.} 17. Kf1 Bf5 $1 18. Rh3 Bxd3+ (18... Qxa2 19. cxd4 Bxh3 20. gxh3 $16 (20. Nxh3 Qb2 $16)) (18... Bxh3 19. Nxh3 Ne6 20. h5 $16) 19. Rxd3 Nf5 20. Qf4 Qxa2 21. h5 Re6 (21... Re5 $15 22. g4 g5) 22. g4 (22. hxg6 $14 fxg6 23. g4) 22... Ne7 (22... Ng7 $5 ) 23. Rcd1 Re8 (23... Rd8 $11) 24. Kg2 (24. R3d2 $1 $14 Qa4 25. Nh3) 24... b5 (24... Nc6 $11 25. h6 g5) 25. cxb5 $16 {[%emt 0:02:30] [#] And now Nf3 would win.} d5 26. Rf3 Rf8 ({Better is} 26... f5) 27. Re3 $2 ({Inferior is} 27. Qh6 Qa4 28. hxg6 Rxg6 $17) (27. h6 $16 {[%cal Oh6h7] stays on course. Black must now prevent h7+!} f5 28. Re3 Rxe3 29. Qxe3) 27... Rxe3 (27... d4 $1 $17 28. Rxe6 fxe6) 28. Qxe3 $14 Qa4 29. Qf3 {[%emt 0:00:55] aiming for Re1.} f5 30. Re1 (30. g5 $5 ) 30... fxg4 31. Qe3 Qe4+ (31... Nf5 $5 32. Qe6+ Kh8 $11) 32. Qxe4 dxe4 33. Rxe4 Nd5 34. Rxg4 Nxc3 35. Rxg6+ Kh7 36. Rc6 {[%emt 0:00:50] Weighted Error Value: White=0.35/Black=0.27 (precise)} 1/2-1/2

[Event "FIDE WSTC-50-65 2022"]
[Site "Acqui Terme"]
[Date "2022.06.22"]
[Round "3.4"]
[White "Arkell, Keith C"]
[Black "Arnason, Jon L"]
[Result "1/2-1/2"]
[ECO "D27"]
[WhiteElo "2367"]
[BlackElo "2412"]
[Annotator "TA"]
[PlyCount "42"]
[EventDate "2022.06.20"]
[EventType "team-tourn"]
[EventCountry "ITA"]
[SourceTitle "playchess.com"]
[Source "ChessBase"]
[SourceQuality "1"]
[TimeControl "40/5400+30:1800+30"]

1. d4 d5 2. Nf3 Nf6 3. c4 dxc4 4. e3 a6 5. Bxc4 e6 6. O-O c5 7. dxc5 Bxc5 8. Qxd8+ Kxd8 9. a3 Ke7 10. b4 Bd6 11. Nbd2 b5 12. Be2 Bb7 {[%emt 0:00:30] The position is equal.} 13. Bb2 {[%emt 0:00:00] D27: Queen's Gambit Accepted: Classical main line: 7 e4!? and 7 a4.} Rc8 14. Rfc1 Nbd7 {[%emt 0:01:30] [#] A rather calm draw.} {Predecessor:} 15. Nb3 $146 Bd5 16. Na5 Nb6 17. Ne5 Na4 18. Nec6+ Kd7 19. Ne5+ Ke7 20. Nec6+ Kd7 21. Ne5+ Ke7 {½-½ (22) Velicka,P (2423)-Haba,P (2445) Austria 2018} 1/2-1/2

[Event "FIDE WSTC-50-65 2022"]
[Site "Acqui Terme"]
[Date "2022.06.22"]
[Round "3.5"]
[White "Kaidanov, Gregory"]
[Black "David, Alberto"]
[Result "1/2-1/2"]
[ECO "B85"]
[WhiteElo "2556"]
[BlackElo "2520"]
[Annotator "TA"]
[PlyCount "82"]
[EventDate "2022.06.20"]
[EventType "team-tourn"]
[EventCountry "ITA"]
[SourceTitle "playchess.com"]
[Source "ChessBase"]
[SourceQuality "1"]
[TimeControl "40/5400+30:1800+30"]

1. e4 c5 2. Nf3 e6 3. d4 cxd4 4. Nxd4 Nc6 5. Nc3 Qc7 6. Be2 a6 7. O-O Nf6 8. Be3 Be7 9. f4 d6 10. Kh1 O-O 11. Qe1 Nxd4 12. Bxd4 b5 13. a3 Bb7 14. Qg3 Rad8 15. Rae1 {[%emt 0:00:30] B85: Sicilian Scheveningen: 6 Be2 a6, lines with early Be3.} Rd7 16. Bd3 Qd8 {[%emt 0:01:30] [#]} 17. f5 $146 {[%emt 0:12:30] White is slightly better.} ({Predecessor:} 17. Re2 Bc6 18. Rf3 g6 19. Qh3 d5 20. exd5 Bxd5 21. Nxd5 Rxd5 22. Be5 Re8 23. Rf1 {½-½ (47) Cornette,M (2609)-Bauer,C (2650) Agen 2017}) 17... e5 18. Be3 Kh8 19. Qh3 Re8 20. Bg5 Ng8 21. Bd2 Nf6 22. a4 b4 (22... bxa4 $11 23. Nxa4 d5 24. exd5 e4) 23. Nd5 $1 $14 Bxd5 24. exd5 Qa5 25. Bc4 $1 {[%emt 0:12:30] g4 is the strong threat.} Rc7 26. Qd3 (26. b3 $5 ) 26... e4 27. Qd4 Bd8 28. Bb3 Rb7 29. Qc4 h6 30. Re2 Kh7 31. g3 Ree7 32. Bf4 (32. g4 $16) 32... Rec7 (32... Rbc7 $1 $11 33. Qd4 Rcd7) 33. Qd4 $16 {[%emt 0:00:30] White is more active.} Rd7 34. Bd2 Re7 35. Kg2 Rec7 36. Bf4 Rd7 $1 37. Bd2 Rb8 ({Black should try} 37... Rdc7 $11) 38. h3 $14 Rc7 39. Bf4 Rd7 $1 40. Bd2 Rc7 $1 41. Bf4 Rd7 $1 {[%emt 0:15:35] Weighted Error Value: White=0.16 (very precise) /Black=0.17 (very precise)} 1/2-1/2

[Event "FIDE WSTC-50-65 2022"]
[Site "Acqui Terme"]
[Date "2022.06.22"]
[Round "3.6"]
[White "Godena, Michele"]
[Black "Shabalov, Alexander"]
[Result "1/2-1/2"]
[ECO "B12"]
[WhiteElo "2478"]
[BlackElo "2504"]
[Annotator "RC"]
[PlyCount "60"]
[EventDate "2022.06.20"]
[EventType "team-tourn"]
[EventCountry "ITA"]
[SourceTitle "playchess.com"]
[Source "ChessBase"]
[SourceQuality "1"]
[TimeControl "40/5400+30:1800+30"]

1. e4 c6 2. d4 d5 3. Nd2 Qc7 4. c3 dxe4 5. Nxe4 Bf5 6. Bd3 e6 7. Nf3 Nd7 8. g3 Bxe4 9. Bxe4 Ngf6 10. Bc2 Bd6 11. Qe2 O-O 12. O-O Rfe8 13. Bg5 h6 14. Bd2 c5 15. Rad1 a6 16. Rfe1 Rad8 17. Bb3 Qb6 18. Ne5 Bf8 19. Nxd7 Nxd7 20. Be3 Qc7 21. d5 exd5 22. Rxd5 b5 23. Red1 Nf6 24. Rxd8 Rxd8 25. Rxd8 Qxd8 26. Qd1 Qc8 27. Qf3 Be7 28. h4 Kf8 29. Kf1 c4 30. Bc2 Ng4 1/2-1/2